 Dungeon Crawl Stone Soup version 0.30-a0-739-gea05faddec (webtiles) character file.

Game seed: 5219616067388783694

1754413 ragingrage the Eviscerator (level 25, 135/135 HPs)
             Began as a Felid Venom Mage on Feb 4, 2023.
             Was an Initiate of Gozag.
             Escaped with the Orb
             ... and 4 runes on Feb 5, 2023!
             The game lasted 03:22:23 (111445 turns).

ragingrage the Eviscerator (Felid Venom Mage)     Turns: 111445, Time: 03:22:23

Health: 135/135    AC: 23    Str: 10    XL:     25   Next: 79%
Magic:  32/40      EV: 46    Int: 32    God:    Gozag
Gold:   4398       SH:  0    Dex: 20    Spells: 4/49 levels left
                                        Lives:  2   Deaths: 4

rFire   . . .      SeeInvis +      - Unarmed
rCold   + . .      Faith    .    (shield unavailable)
rNeg    + . .      Spirit   +    (body armour unavailable)
rPois   ∞          Reflect  .    (helmet unavailable)
rElec   +          Harm     .    (cloak unavailable)
rCorr   +          Rampage  .    (gloves unavailable)
Will    ++++.                    (boots unavailable)
Stlth   +++                      n - amulet "Waeroroph" {Spirit rN+ rCorr}
HPRegen 0.42/turn                H - ring "Ulax" {AC+4 Dex+3 Stlth+}
MPRegen 0.27/turn                e - ring "Ynirefuamm" {rC+ Will+ Str+2 Int+6}

@: storm-form, flying
A: cleaving, insubstantial, flying, very small, (claws 1), (fangs 3), see
invisible, (speed 1), (shaggy fur 3), (stealthy paws), no weapons or thrown
items, no armour, multi-lived, (horns 1), (poison resistance), robust 1,
inhibited regeneration, strong 1
0: Orb of Zot
}: 4/15 runes: serpentine, barnacled, slimy, silver
a: Blinkbolt, End Transformation, Renounce Religion, Potion Petition, Call
Merchant, Bribe Branch


You escaped.
You worshipped Gozag.
Gozag was most pleased with you.
You were a lightning-filled tempest!
You visited 12 branches of the dungeon, and saw 54 of its levels.
You visited 2 bazaars.
You also visited: Gauntlet.

You collected 30111 gold pieces.
You spent 6988 gold pieces at shops.
You paid 18725 gold pieces to Gozag.

Inventory:

Hand Weapons
 V - a +2 vampiric demon whip
Jewellery
 d - the ring "Kixtyi Gyihe" {EV+5 Dex+5}
   (You acquired it on level 1 of the Elven Halls)

   [ring of evasion]

   EV:        It affects your evasion (+5).
   Dex:       It affects your dexterity (+5).
 e - the ring "Ynirefuamm" (right paw) {rC+ Will+ Str+2 Int+6}
   (You bought it in a shop in a bazaar)

   [ring of intelligence]

   Str:       It affects your strength (+2).
   Int:       It affects your intelligence (+6).
   rC:        It protects you from cold.
   Will:      It increases your willpower.
 n - the amulet "Waeroroph" (around neck) {Spirit rN+ rCorr}
   (You acquired it on level 1 of the Vaults)

   [amulet of guardian spirit]

   It causes incoming damage to be divided between your reserves of health and
   magic.
   rN:        It protects you from negative energy.
   rCorr:     It protects you from acid and corrosion.
 A - a ring of protection from fire
 E - the amulet of the Winnowing Gods {Spirit Int+2}
   (You acquired it on level 2 of the Lair of Beasts)

   [amulet of guardian spirit]

   It causes incoming damage to be divided between your reserves of health and
   magic.
   Int:       It affects your intelligence (+2).
 G - the ring of Ruocseq {Fire rElec Slay+3 Stlth-}
   (You found it on level 5 of the Lair of Beasts)

   [ring of fire]

   It enhances your fire magic.
   Slay:      It affects your accuracy & damage with ranged weapons and melee
   (+3).
   rF:        It protects you from fire.
   rC:        It makes you vulnerable to cold.
   rElec:     It insulates you from electricity.
   Stlth:     It makes you less stealthy.
 H - the ring "Ulax" (left paw) {AC+4 Dex+3 Stlth+}
   (You found it on level 5 of the Pits of Slime)

   [ring of protection]

   AC:        It affects your AC (+4).
   Dex:       It affects your dexterity (+3).
   Stlth:     It makes you more stealthy.
 P - a ring of protection from cold
 T - the amulet "Wiaxyscho" {Acrobat rPois rN++}
   (You took it off a purple draconian on level 1 of the Realm of Zot)

   [amulet of the acrobat]

   It increases your evasion while moving and waiting.
   rPois:     It protects you from poison.
   rN:        It greatly protects you from negative energy.
Wands
 s - a wand of polymorph (21)
 t - a wand of digging (18)
 B - a wand of charming (33)
 C - a wand of flame (67)
 D - a wand of mindburst (16)
 R - a wand of acid (10)
 U - a wand of roots (6)
Scrolls
 b - 15 scrolls of immolation
 c - 10 scrolls of fog
 f - 11 scrolls of fear
 g - 12 scrolls of poison
 j - 17 scrolls of blinking
 k - 6 scrolls of silence
 p - 22 scrolls of teleportation
 q - 9 scrolls of vulnerability
 v - 5 scrolls of summoning
 z - 9 scrolls of magic mapping
 I - 4 scrolls of torment
Potions
 a - 6 potions of magic
 h - 3 potions of invisibility
 i - 7 potions of brilliance
 m - 5 potions of ambrosia
 o - 8 potions of flight
 r - 13 potions of lignification
 u - 2 potions of haste
 w - 12 potions of might
 x - 16 potions of heal wounds
 F - 4 potions of resistance
 J - 14 potions of curing
 L - 2 potions of berserk rage
 M - 4 potions of cancellation
 N - 4 potions of attraction
 Q - 6 potions of mutation
Miscellaneous
 l - a tin of tremorstones (2/2)
 y - a lightning rod (4/4)
 K - a phantom mirror
 O - a phial of floods
 S - a box of beasts


   Skills:
 + Level 18.7 Fighting
 - Level 22.5 Dodging
 - Level 16.0 Stealth
 + Level 23.2 Unarmed Combat
 + Level 12.6 Spellcasting
 - Level 9.0 Conjurations
 - Level 5.0 Hexes
 + Level 5.6 Necromancy
 - Level 15.0 Translocations
 - Level 20.0 Transmutations
 - Level 15.0 Air Magic
 - Level 9.0 Poison Magic
 - Level 16.0 Evocations


You had 4 spell levels left.
You knew the following spells:

 Your Spells              Type           Power      Damage    Failure   Level
a - Storm Form            Tmut/Air       46%        N/A       1%          7
b - Wereblood             Tmut           99%        N/A       0%          2
c - Vhi's Electric Charg  Tloc/Air       100%       N/A       0%          3
d - Dragon Form           Tmut           49%        N/A       1%          7
e - Passage of Golubria   Tloc           86%        N/A       1%          4
f - Death Channel         Necr           27%        N/A       34%         6
g - Blink                 Tloc           100%       N/A       0%          2
h - Manifold Assault      Tloc           86%        N/A       1%          4
j - Irradiate             Conj/Tmut      42%        3d25      1%          5
l - Yara's Violent Unrav  Hex/Tmut       39%        3d16      1%          5

Your spell library contained the following spells:

 Spells                   Type           Power      Damage    Failure   Level
 Apportation              Tloc           100%       N/A       0%          1
 Sting                    Tmut/Pois      100%       1d8       0%          1
 Lesser Beckoning         Tloc           100%       N/A       0%          2
 Gell's Gravitas          Tloc           86%        N/A       0%          3
 Teleport Other           Tloc           86%        N/A       0%          3
 Kiss of Death            Conj/Necr      100%       2d13      1%          1
 Magic Dart               Conj           100%       1d8       1%          1
 Necrotise                Necr           100%       1d9       1%          1
 Slow                     Hex            100%       N/A       1%          1
 Cigotuvi's Dreadful Rot  Necr/Pois/Air  100%       N/A       1%          2
 Passwall                 Tmut/Erth      59%        N/A       1%          2
 Poisonous Vapours        Pois/Air       100%       N/A       1%          2
 Searing Ray              Conj           100%       2d8       1%          2
 Static Discharge         Conj/Air       100%       2-7/arc   1%          2
 Sublimation of Blood     Necr           54%        N/A       1%          2
 Confusing Touch          Hex            51%        N/A       1%          3
 Dazzling Flash           Conj/Hex       100%       N/A       1%          3
 Kindle Blastsparks       Fire/Tloc/Air  100%       2d18      1%          3
 Mephitic Cloud           Conj/Pois/Air  74%        N/A       1%          3
 Spider Form              Tmut/Pois      85%        N/A       1%          3
 Tukima's Dance           Hex            51%        N/A       1%          3
 Vampiric Draining        Necr           54%        2d9       1%          3
 Airstrike                Air            43%        2d(7-23)  1%          4
 Fulminant Prism          Conj/Hex       30%        3d16      1%          4
 Ice Form                 Ice/Tmut       71%        N/A       1%          4
 Iskenderun's Mystic Bla  Conj/Tloc      77%        2d15      1%          4
 Olgreb's Toxic Radiance  Pois           67%        N/A       1%          4
 Petrify                  Tmut/Erth      71%        N/A       1%          4
 Summon Lightning Spire   Summ/Air       62%        N/A       1%          4
 Freeze                   Ice            80%        1d9       2%          1
 Sandblast                Erth           40%        2d10      2%          1
 Summon Small Mammal      Summ           80%        N/A       2%          1
 Inner Flame              Hex/Fire       36%        N/A       2%          3
 Summon Guardian Golem    Hex/Summ       36%        N/A       2%          3
 Anguish                  Hex/Necr       26%        N/A       2%          4
 Dispel Undead            Necr           54%        3d20      2%          4
 Call Imp                 Summ           20%        N/A       3%          2
 Flame Wave               Conj/Fire      49%        2d12      3%          4
 Sticky Flame             Conj/Fire      49%        2d7       3%          4
 Call Canine Familiar     Summ           20%        N/A       7%          3
 Leda's Liquefaction      Hex/Erth       18%        N/A       9%          4
 Alistair's Intoxication  Tmut/Pois      56%        N/A       1%          5
 Arcjolt                  Conj/Air       38%        1d48      1%          5
 Blade Hands              Tmut           49%        N/A       1%          5
 Iskenderun's Battlesphe  Conj           67%        2d12      1%          5
 Lightning Bolt           Conj/Air       38%        1d57      1%          5
 Silence                  Hex/Air        35%        N/A       1%          5
 Eringya's Noxious Bog    Tmut/Pois      42%        N/A       1%          6
 Freezing Cloud           Conj/Ice/Air   32%        6-21      2%          5
 Conjure Ball Lightning   Conj/Air       38%        3x3d12    2%          6
 Agony                    Necr           54%        N/A       6%          5
 Statue Form              Tmut/Erth      47%        N/A       6%          6
 Fireball                 Conj/Fire      24%        3d11      11%         5
 Borgnjor's Vile Clutch   Necr/Erth      19%        N/A       21%         5
 Metabolic Englaciation   Hex/Ice        18%        N/A       24%         5
 Summon Mana Viper        Hex/Summ       36%        N/A       24%         5
 Orb of Destruction       Conj           33%        9d10      45%         7
 Iron Shot                Conj/Erth      24%        9d5       50%         6
 Starburst                Conj/Fire      24%        6d8       50%         6
 Lee's Rapid Deconstruct  Erth           10%        3d8*      54%         5
 Enfeeble                 Hex            25%        N/A       95%         7
 Spellforged Servitor     Conj/Summ      24%        N/A       97%         7
 Haunt                    Necr/Summ      19%        N/A       99%         7
 Ozocubu's Refrigeration  Ice            10%        4d9       100%        7
 Summon Hydra             Summ           10%        N/A       100%        7
 Ignition                 Fire           10%        3d5       100%        8
 Infestation              Necr           27%        N/A       100%        8
 Lehudib's Crystal Spear  Conj/Erth      24%        10d7      100%        8
 Death's Door             Necr           27%        N/A       100%        9
 Dragon's Call            Summ           10%        N/A       100%        9
 Portal Projectile        Hex/Tloc       Unusable   N/A       N/A         3
 Animate Dead             Necr           Unusable   N/A       N/A         4
 Animate Armour           Summ/Erth      Unusable   N/A       N/A         4
 Simulacrum               Ice/Necr       Unusable   N/A       N/A         6

Dungeon Overview and Level Annotations

Branches:
Dungeon (15/15)            Temple (1/1) D:7            Lair (5/5) D:10
 Shoals (4/4) Lair:2        Snake (4/4) Lair:3        Slime (5/5) Lair:4
    Orc (2/2) D:12            Elf (3/3) Orc:2        Vaults (5/5) D:14
  Crypt (1/3) Vaults:2     Depths (4/4) D:15            Zot (5/5) Depths:4
Gauntlet (visited)

Altars:
Ashenzari
Cheibriados
Dithmenos
Elyvilon
Fedhas
Gozag
Hepliaklqana
Kikubaaqudgha
Makhleb
Nemelex Xobeh
Okawaru
Qazlal
Ru
Sif Muna
Trog
Uskayaw
Vehumet
Wu Jian
Xom
Yredelemnul
Zin
The Shining One

Shops:
D:5 (   D:9 ?   D:10 *?   D:13 ?=   Orc:2 [:*[(   Elf:1 ***=*!   Elf:2 :
Shoals:2 *   Snake:1 *   Snake:2 =   Snake:3 [   Vaults:1 ?   Depths:2 =
Depths:3 *

Portals:
Hell: Depths:1 Depths:2 Depths:3 Depths:4
Abyss: Depths:1 Depths:3
Pandemonium: Depths:1 Depths:2 Depths:3
Ziggurat: Depths:2
Trove: Elf:3 (give 8 potions of haste)

Annotations:
Elf:2 5 runed translucent doors
Depths:2 exclusions: angel, daeva and 2 more exclusions
Depths:3 3 runed translucent doors, Plog's ghost, adept DsMo


Innate Abilities, Weirdness & Mutations

You are a lightning-filled tempest!
Your electrical attacks strike out in all directions at once.
You are incredibly evasive.
Your insubstantial body is immune to petrification, constriction, and being set on fire You are flying.
((You have sharp claws.))
((You have razor-sharp teeth.))
You have supernaturally acute eyesight. (SInv)
((You cover ground quickly. (Speed+)))
((Your thick and shaggy fur keeps you warm. (AC +3, rC+)))
((Your paws help you pounce on unaware monsters.))
You are incapable of wielding weapons or throwing items.
You cannot wear armour.
You gain extra lives every three experience levels.
((You have a pair of small horns on your head.))
((Your system is resistant to poisons. (rPois)))
You are robust. (+10% HP)
You do not regenerate when monsters are visible.
Your muscles are strong. (Str +4, Int/Dex -1)


Message History

You blast the lorocyproca!!!
You punch the lorocyproca.
The lorocyproca is severely wounded.
The lorocyproca completely misses you.
You blast the lorocyproca!!!
You kill the lorocyproca!
No target in view!
No target in view!
A green death comes into view.
You see here 5 gold pieces.
You batter the green death!!
The green death is heavily wounded.
You blast the green death!!!
Lightning courses through the green death!
You kill the green death!
You now have 4398 gold pieces (gained 20).
Your transformation is almost over.
No target in view!
There is a stone staircase leading up here.
You fly upwards.
Your transformation has ended.
There is a stone staircase leading down here.
(D) Dungeon (T) Temple (L) Lair (A) Shoals (P) Snake Pit (M) Slime Pits (O) Orcish Mines (E) Elven Halls (V) Vaults (C) Crypt (U) Depths (H) Hell (Z) Zot
Where to? (Enter - D:1 @ (x,y), ? - help)
Okay, then.
Casting: Storm Form (dangerous; 1% risk of failure)
Confirm with . or Enter, or press ? or * to list all spells.
You turn into a lightning-filled tempest!
(D) Dungeon (T) Temple (L) Lair (A) Shoals (P) Snake Pit (M) Slime Pits (O) Orcish Mines (E) Elven Halls (V) Vaults (C) Crypt (U) Depths (H) Hell (Z) Zot
Where to? (Enter - D:1 @ (x,y), ? - help)
You see here a +0 dagger.
There is an open door here.
You see here 3 stones.
There is a staircase leading out of the dungeon here.
You have escaped!

...##.....#####.###.####.#....###
.................................
###############.###......#.......
# ####.....###.###..###.#.#..###
####........+....................
..#####.....##########'##########
..........######....(........####
###..####.# #..#...##...##...#...
# ##..# #.# #..#v..##...##..>#.#.
#####.# #.# #..#≈≈≈..........#.#.
...##.# #.# #..#≈≈≈≈.........#.##
...##.# #.# #..#⌠≈≈≈≈.⌠.....⌠#...
...##.###.# #..###############...
...##.....# #......######.##.....
...#####..####.##.[.)............
##.#####...........######.##.#.##
#.##......###.#......# #........


There were no monsters in sight!

Vanquished Creatures
  the Royal Jelly (Slime:5)
  A dread lich (Zot:5)
  2 ancient liches
  3 orbs of fire
  2 juggernauts
  3 royal mummies (Crypt:1)
  3 Killer Klowns
  The ghost of Vogeir the Cryomancer, a veteran HuIE of Sif Muna (Vaults:1)
  Nikola (Vaults:3)
  8 golden dragons
  the Enchantress (Depths:2)
  The ghost of Zissick the Minotaur Blade, an adept MiBr of Okawaru (Vaults:4)
  3 electric golems
  17 tentacled monstrosities
  Zenata (Elf:2)
  A lich (Depths:3)
  14 Orb Guardians
  10 titans
  2 deep elf master archers (Elf:3)
  18 acid blobs
  9 quicksilver dragons
  Polyphemus (Shoals:2)
  7 death cobs
  2 deep elf blademasters (Elf:3)
  An ancient champion (Crypt:1)
  Agnes (D:15)
  11 tengu reavers
  Gastronok (Lair:2)
  A sphinx (Vaults:4)
  12 storm dragons
  3 draconian monks
  Kirke (D:13)
  13 shadow dragons
  Ilsuiw (Shoals:2)
  2 revenants (Crypt:1)
  5 nagarajas (Snake:4)
  10 fire giants
  14 azure jellies
  Roxanne (D:15)
  Donald (Shoals:2)
  8 draconian knights
  12 rockslimes
  10 frost giants
  3 ghost moths
  The ghost of retardedninja the Peltast, an adept GrFi of Gozag (Snake:4)
  4 deep elf sorcerers
  11 draconian scorchers
  2 iron dragons
  Aizul (Snake:2)
  3 ghouls (Crypt:1)
  4 draconian stormcallers
  14 vault wardens
  2 curse skulls (Crypt:1)
  A balrug (Zot:2)
  4 draconian shifters
  A demonspawn corrupter (D:15)
  5 orc warlords
  7 spriggan defenders
  5 deep elf elementalists (Elf:3)
  18 ironbound preservers
  5 war gargoyles
  17 very ugly things
  4 ironbound thunderhulks
  8 quicksilver oozes
  3 draconian annihilators
  12 stone giants
  7 green draconians
  3 deep elf demonologists (Elf:3)
  4 vampire knights
  A demonspawn black sun (D:15)
  12 black draconians
  A lorocyproca (D:2)
  9 deep elf annihilators
  A minotaur (Gauntlet)
  9 white draconians
  20 purple draconians
  7 yellow draconians
  3 spark wasps (Depths:3)
  6 red draconians
  6 deep elf death magi
  10 merfolk javelineers
  Snorg (Orc:2)
  10 ettins
  An eidolon (Crypt:1)
  2 green deaths
  9 fire dragons
  5 crystal guardians
  2 mummy priests (Crypt:1)
  13 yaktaur captains
  2 entropy weavers
  5 jiangshi
  12 merfolk impalers
  4 deep elf high priests
  6 ice dragons
  30 vault guards
  11 great orbs of eyes
  4 salamander tyrants
  2 rakshasas (Depths:1)
  6 spriggan air magi
  2 ogre magi (Vaults:5)
  3 alligator snapping turtles
  A death knight (Crypt:1)
  3 hydras (D:14)
  12 two-headed ogres
  12 centaur warriors
  5 ironbound frosthearts
  2 merfolk avatars (Shoals:3)
  25 anacondas
  18 dancing weapons
  5 peacekeepers
  4 catoblepae
  8 death yaks
  4 merfolk aquamancers
  10 boulder beetles
  6 deep troll shamans
  10 tengu warriors
  12 deep troll earth magi
  5 vampire magi
  2 satyrs (Shoals:3)
  13 naga warriors
  2 orc high priests
  Urug (Orc:2)
  6 spriggan berserkers
  15 naga sharpshooters
  8 shock serpents
  10 hell knights
  5 sun demons
  4 deep elf knights
  Sonja (Orc:2)
  A soul eater (D:15)
  6 large abominations (Elf:1)
  2 fire crabs (shapeshifter)
  A storm dragon skeleton (Depths:1)
  7 iron trolls
  5 salamander mystics
  9 skeletal warriors
  A glowing orange brain (Depths:4)
  19 sea snakes
  2 flayed ghosts
  10 naga ritualists
  51 deep trolls
  21 ironbound convokers
  6 wizards
  A bog body (Crypt:1)
  A lindwurm (Vaults:4)
  A swamp dragon (shapeshifter) (Elf:3)
  6 phantasmal warriors
  2 obsidian statues
  11 deep elf archers
  10 deep elf zephyrmancers
  25 deep elf pyromancers
  9 necromancers
  A wolf spider zombie (Crypt:1)
  16 orc knights
  27 harpies
  14 mana vipers
  4 orc sorcerers
  43 ugly things
  An oklob plant (Lair:3)
  11 salamanders
  2 fire giant zombies
  14 manticores
  4 cyclopes
  A shadow dragon skeleton (Crypt:1)
  4 shining eyes
  21 vault sentinels
  8 fauns
  A centaur zombie (D:15)
  14 elephants
  9 merfolk sirens
  15 naga magi
  14 guardian serpents
  A cane toad (shapeshifter) (Vaults:5)
  9 water nymphs
  31 moths of wrath
  Joseph (D:9)
  9 cane toads
  3 eyes of devastation
  2 torpor snails
  48 black mambas
  3 gargoyles
  An orange demon (Depths:3)
  3 rime drakes
  A yaktaur (shapeshifter) (D:13)
  33 yaktaurs
  6 freezing wraiths
  3 tengu conjurers (Depths:2)
  An efreet (D:14)
  13 komodo dragons
  An ice devil (Depths:3)
  A red devil (Depths:3)
  A death drake zombie (Crypt:1)
  30 merfolk
  6 wind drakes
  3 hornets
  2 trolls (D:14)
  A tarantella (Vaults:4)
  5 polar bears
  A dream sheep (shapeshifter) (Vaults:5)
  9 blink frogs
  12 dream sheep
  A spriggan zombie (Depths:1)
  Prince Ribbit (D:6)
  A centaur simulacrum (D:15)
  7 snapping turtles
  8 flying skulls (Crypt:1)
  A jumping spider (Gauntlet)
  102 slime creatures
  2 spriggans (Depths:2)
  A shadow (D:9)
  3 wyverns
  67 yaks
  9 air elementals
  31 water elementals
  3 fire elementals
  6 wraiths
  2 hogs (shapeshifter)
  Eustachio (D:4)
  12 golden eyes (Slime:2)
  A steam dragon (D:8)
  7 vampire mosquitoes
  A chaos spawn (Depths:2)
  3 basilisks
  2 redbacks (Vaults:4)
  3 wargs
  51 nagas
  2 acid dragons
  A floating eye (Depths:1)
  12 water moccasins
  42 orc warriors
  A meliai simulacrum (D:14)
  A dream sheep zombie (Crypt:1)
  3 sky beasts
  An ettin simulacrum (Depths:1)
  5 ogres
  12 centaurs
  12 wolves
  3 phantoms
  2 elf zombies (Elf:1)
  5 necrophages
  2 scorpions
  2 kobold brigands
  7 bullfrogs
  2 earth elementals
  A wyvern zombie (D:7)
  3 jellies
  16 wights
  16 killer bees
  2 electric eels
  3 howler monkeys
  A tengu skeleton (Depths:1)
  A spectral centaur (D:7)
  5 hounds
  18 orc priests
  A gnoll bouda (D:7)
  4 centaur skeletons
  7 iguanas
  22 orc wizards
  A howler monkey zombie (Crypt:1)
  5 adders
  7 gnolls
  A howler monkey simulacrum (D:7)
  3 white imps
  An ufetubus (D:5)
  An adder zombie (Crypt:1)
  6 worms
  3 dart slugs
  78 orcs
  9 ball pythons
  10 endoplasms
  2 giant cockroaches
  15 goblins
  7 hobgoblins
  13 jackals
  2 quokkas
  3 bats
  4 frilled lizards
  16 kobolds
  6 rats
  A spectral orc (D:5)
2199 creatures vanquished.

Vanquished Creatures (collateral kills)
  A dread lich (Zot:5)
  Mennas (Depths:3)
  2 Killer Klowns (Zot:5)
  An electric golem (Zot:5)
  9 Orb Guardians (Zot:5)
  A storm dragon (Zot:5)
  A nagaraja (Snake:1)
  A spriggan defender (Depths:2)
  2 spriggan air magi (Depths:2)
  An ironbound frostheart (Vaults:4)
  2 orc high priests
  An ironbound convoker (Vaults:4)
  An orc knight (Vaults:1)
  A moth of wrath (Zot:5)
  A vault sentinel (Vaults:4)
  A yaktaur (Vaults:4)
  A komodo dragon (Lair:3)
  A wolf spider simulacrum (D:15)
  A spriggan (Depths:2)
  3 yaks (Lair:3)
  2 vampire mosquitoes (D:13)
  An acid dragon (D:12)
  A black bear (Lair:4)
  An orc (D:12)
38 creatures vanquished.

Vanquished Creatures (others)
  2 Orb Guardians (Zot:5)
  A storm dragon (Depths:4)
  A war gargoyle (Vaults:3)
  A yellow draconian (Zot:5)
  A white draconian (Zot:5)
  A merfolk javelineer (Shoals:4)
  A hydra (D:14)
  A death knight (Crypt:1)
  A naga warrior (Snake:1)
  A shock serpent (Snake:2)
  An orc knight (Orc:2)
  A wizard (D:15)
  A black mamba (Snake:1)
  A guardian serpent (Snake:4)
  A wind drake (Shoals:4)
  2 water elementals (Depths:3)
  A human (D:13)
  4 vampire mosquitoes
  53 fungi
  234 plants
  16 withered plants (D:7)
326 creatures vanquished.

Grand Total: 2563 creatures vanquished

Notes
Turn   | Place    | Note
-------+----------+-------------------------------------------
     0 | D:1      | ragingrage the Felid Venom Mage began the quest for the
                  | Orb.
     0 | D:1      | Reached XP level 1. HP: 7/7 MP: 4/4
    62 | D:1      | Found a faded altar of an unknown god.
   312 | D:1      | Reached XP level 2. HP: 11/11 MP: 0/6
   579 | D:1      | Learned a level 2 spell: Poisonous Vapours
   727 | D:1      | Prayed at the altar of an unknown god.
   727 | D:1      | Became a worshipper of Elyvilon the Healer
   727 | D:1      | Reached * piety under Elyvilon
  1210 | D:2      | Reached ** piety under Elyvilon
  1246 | D:2      | Reached XP level 3. HP: 14/14 MP: 4/7
  2483 | D:3      | Found a sparkling altar of Nemelex Xobeh.
  2485 | D:3      | Found a radiant altar of Vehumet.
  2485 | D:3      | Found an iron altar of Okawaru.
  2485 | D:3      | Found a hide-covered altar of Uskayaw.
  2492 | D:3      | Found a shadowy altar of Dithmenos.
  2497 | D:3      | Found a snail-covered altar of Cheibriados.
  2943 | D:3      | Reached skill level 1 in Air Magic
  2943 | D:3      | Reached XP level 4. HP: 18/18 MP: 0/8
  3667 | D:4      | Reached *** piety under Elyvilon
  3690 | D:4      | Reached XP level 5. HP: 8/21 MP: 0/9
  3978 | D:4      | Noticed Eustachio
  4008 | D:4      | Killed Eustachio
  4009 | D:4      | Gained mutation: You are covered in thick fur. (AC +2)
                  | [Felid growth]
  4009 | D:4      | Reached XP level 6. HP: 24/24 MP: 1/10
  4442 | D:4      | Learned a level 3 spell: Mephitic Cloud
  5233 | D:4      | Learned a level 1 spell: Magic Dart
  5234 | D:5      | Entered Level 5 of the Dungeon
  5268 | D:5      | Reached skill level 5 in Dodging
  5355 | D:5      | Reached **** piety under Elyvilon
  5367 | D:5      | Found Bigiq's Weapon Emporium.
  5665 | D:5      | Reached XP level 7. HP: 24/27 MP: 2/11
  5682 | D:5      | Reached skill level 1 in Conjurations
  6610 | D:5      | Found a shimmering blue altar of Sif Muna.
  6620 | D:5      | Found an ornate altar of the Wu Jian Council.
  6707 | D:5      | Found a basalt altar of Yredelemnul.
  6815 | D:5      | Reached skill level 5 in Stealth
  7065 | D:5      | Reached skill level 5 in Poison Magic
  7453 | D:6      | Noticed Prince Ribbit
  7476 | D:6      | Killed Prince Ribbit
  7477 | D:6      | Reached XP level 8. HP: 31/31 MP: 1/12
  8443 | D:6      | Elyvilon protects you from harm!
  8445 | D:6      | Killed from afar by a white imp
  8446 | D:6      | Reached XP level 7. HP: -2/24 MP: 3/11
  8925 | D:8      | Noticed a hornet
  8930 | D:8      | Paralysed by a hornet for 3 turns
  8931 | D:8      | Slain by a hornet
  8932 | D:8      | Reached XP level 6. HP: -2/22 MP: 2/10
  8935 | D:8      | Killed a hornet
  8936 | D:8      | Reached skill level 5 in Conjurations
  8936 | D:8      | Reached XP level 7. HP: 28/28 MP: 11/11
  8955 | D:7      | Found a staircase to the Ecumenical Temple.
  8981 | D:8      | Reached skill level 1 in Fighting
  9129 | D:8      | Reached ***** piety under Elyvilon
  9129 | D:8      | Noticed a yak
  9129 | D:8      | Noticed a yak
  9155 | D:8      | HP: 1/28 [poisoned by a killer bee]
  9204 | D:7      | Gained mutation: You have a somewhat thin skeletal
                  | structure. (Dex +2, Stealth+) [potion of mutation]
  9204 | D:7      | Gained mutation: You expend magic power (3 MP) to
                  | strengthen your wands. [potion of mutation]
  9227 | Temple   | Entered the Ecumenical Temple
  9398 | Temple   | Fell from the grace of Elyvilon
  9398 | Temple   | Became a worshipper of Gozag Ym Sagoz the Greedy
  9915 | D:7      | Reached XP level 8. HP: 33/33 MP: 6/12
 10095 | D:7      | Identified the +10 dagger of Equilibrium {pain, Dex+4}
 10652 | D:7      | Learned a level 4 spell: Olgreb's Toxic Radiance
 11282 | D:6      | Reached skill level 5 in Air Magic
 12121 | D:7      | Reached skill level 1 in Unarmed Combat
 12756 | D:8      | Reached XP level 9. HP: 37/37 MP: 9/13
 13734 | D:9      | Found a hazy altar of Hepliaklqana.
 13767 | D:9      | Found a stormy altar of Qazlal.
 13784 | D:9      | Found a white marble altar of Elyvilon.
 13785 | D:9      | Found a glowing silver altar of Zin.
 13787 | D:9      | Found a glowing golden altar of the Shining One.
 13983 | D:9      | Found Cepihimu's Magic Scroll Boutique.
 13989 | D:9      | Bought a scroll of magic mapping for 97 gold pieces
 13989 | D:9      | Bought a scroll of teleportation for 39 gold pieces
 13989 | D:9      | Bought a scroll of noise for 13 gold pieces
 14200 | D:9      | Noticed Joseph
 14614 | D:9      | Reached skill level 2 in Unarmed Combat
 15389 | D:9      | Noticed a two-headed ogre
 15452 | D:9      | Killed a two-headed ogre
 15453 | D:9      | Reached XP level 10. HP: 42/42 MP: 14/14
 15804 | D:10     | Entered Level 10 of the Dungeon
 15820 | D:10     | Found Fustoz's Magic Scroll Shop.
 15823 | D:10     | Bought a scroll of fear for 56 gold pieces
 15826 | D:10     | Found a staircase to the Lair.
 15857 | D:10     | Reached skill level 3 in Unarmed Combat
 16245 | D:10     | Noticed an obsidian statue
 16451 | Lair:1   | Entered Level 1 of the Lair of Beasts
 16534 | Lair:1   | Learned a level 3 spell: Dazzling Flash
 16648 | Lair:1   | Reached skill level 1 in Hexes
 16690 | Lair:1   | Noticed a torpor snail
 16732 | Lair:1   | Killed a torpor snail
 16830 | Lair:1   | Reached skill level 5 in Spellcasting
 17062 | Lair:1   | Reached skill level 5 in Hexes
 17075 | Lair:1   | Reached XP level 11. HP: 38/46 MP: 12/19
 17154 | Lair:1   | Noticed a boulder beetle
 17167 | Lair:1   | Killed a boulder beetle
 17595 | Lair:1   | Reached skill level 4 in Unarmed Combat
 17824 | Lair:1   | Identified the +0 pair of gloves of the Enchanted Forest
                  | {Harm rF+ Dex+2}
 17846 | Lair:1   | Reached skill level 5 in Fighting
 18320 | Lair:2   | Found a staircase to the Shoals.
 18699 | Lair:2   | Identified a scroll of acquirement
 18700 | Lair:2   | Acquired the amulet of the Winnowing Gods {Spirit Int+2}
 19248 | Lair:2   | Reached skill level 10 in Stealth
 19254 | Lair:2   | Reached skill level 5 in Unarmed Combat
 19265 | Lair:2   | Reached skill level 5 in Transmutations
 19551 | Lair:2   | Noticed Gastronok
 19685 | Lair:2   | Killed Gastronok
 20105 | Lair:2   | Gained mutation: Your thick and shaggy fur keeps you warm.
                  | (AC +3, rC+) [Felid growth]
 20105 | Lair:2   | Reached XP level 12. HP: 53/53 MP: 17/20
 21293 | Lair:2   | Reached skill level 1 in Evocations
 22501 | Lair:3   | Found a staircase to the Snake Pit.
 23849 | Lair:4   | Found a staircase to the Slime Pits.
 24474 | Lair:4   | Noticed a boulder beetle
 24684 | Lair:4   | Killed a boulder beetle
 24830 | Lair:4   | Reached skill level 10 in Dodging
 25937 | Lair:5   | Entered Level 5 of the Lair of Beasts
 26173 | Lair:5   | Identified the ring of Ruocseq {Fire rElec Slay+3 Stlth-}
 26631 | Lair:4   | Reached XP level 13. HP: 52/58 MP: 1/21
 27707 | Lair:5   | Got Yryn's Atlas of the Gathered Cwm
 27708 | Lair:5   | Found a bloodstained altar of Trog.
 28390 | Lair:5   | Reached skill level 5 in Evocations
 30797 | D:10     | Learned a level 2 spell: Blink
 31436 | D:10     | Found Esta's Assorted Antiques.
 31441 | D:10     | Bought a scroll of summoning for 190 gold pieces
 31555 | D:10     | Found a bloodstained altar of Trog.
 32076 | D:11     | Reached skill level 1 in Translocations
 32176 | D:11     | Reached skill level 10 in Transmutations
 32813 | D:11     | Reached XP level 14. HP: 64/64 MP: 23/23
 35024 | D:11     | Learned a level 7 spell: Storm Form
 35428 | D:12     | Found a staircase to the Orcish Mines.
 37008 | D:13     | Noticed Nessos
 37042 | D:13     | Nessos changed into Nessos the sea snake
 37042 | D:13     | Noticed Nessos
 37294 | D:13     | Found a transporter.
 37296 | D:13     | Found a transporter.
 37329 | D:13     | Acquired Sif Muna's Book of Bruises and the Xenotype
 37617 | D:13     | Killed Nessos the sea snake
 38035 | D:13     | Reached skill level 10 in Air Magic
 38105 | D:13     | Noticed Kirke
 38152 | D:13     | Killed Kirke
 38518 | Orc:1    | Entered Level 1 of the Orcish Mines
 38531 | Orc:1    | Reached skill level 6 in Unarmed Combat
 39079 | Orc:2    | Entered Level 2 of the Orcish Mines
 39134 | Orc:2    | Noticed Sonja
 39156 | Orc:2    | Noticed an orc warlord
 39184 | Orc:2    | Found a staircase to the Elven Halls.
 39265 | Orc:2    | Noticed Snorg
 39288 | Orc:2    | Killed Snorg
 39493 | Orc:2    | Killed Sonja
 39956 | Orc:2    | Noticed an orc warlord
 39972 | Orc:2    | Noticed Urug
 40336 | Orc:2    | Killed an orc warlord
 40337 | Orc:2    | Reached skill level 7 in Unarmed Combat
 40528 | Orc:2    | Found Daguakk's Armour Emporium.
 41328 | Orc:2    | Killed an orc warlord
 41516 | Orc:2    | Killed Urug
 41627 | Orc:2    | Found Tuaziffu's Book Shop.
 41829 | Orc:2    | Found Voloff's Antique Armour Shop.
 41845 | Orc:2    | Found Pomaixzeuvu's Antique Weapon Shop.
 41971 | Orc:2    | Found Wodydd's General Store.
 41977 | Orc:2    | Bought a scroll of fog for 64 gold pieces
 43281 | D:13     | Gained mutation: Your magical capacity is low. (-10% MP)
                  | [mutagenic glow]
 43354 | D:13     | Bought a scroll of teleportation for 48 gold pieces
 43354 | D:13     | Bought a scroll of teleportation for 48 gold pieces
 43356 | D:13     | Bought the ring of Sicano {Wiz rElec} for 792 gold pieces
 43869 | D:14     | Reached XP level 15. HP: 49/67 MP: 13/23
 44333 | D:14     | Found a gate to the Vaults.
 45052 | D:13     | Learned a level 4 spell: Manifold Assault
 45488 | D:15     | Entered Level 15 of the Dungeon
 45533 | D:15     | Found a gate leading to a gauntlet.
 45544 | Gauntlet | Entered a Gauntlet
 45544 | Gauntlet | Found a transporter.
 45544 | Gauntlet | Found a transporter.
 45544 | Gauntlet | Found a transporter.
 45544 | Gauntlet | Found a transporter.
 45553 | Gauntlet | Found a transporter.
 45563 | Gauntlet | Found a transporter.
 45578 | Gauntlet | Found a transporter.
 45588 | Gauntlet | Found a transporter.
 45603 | Gauntlet | Found a transporter.
 45609 | Gauntlet | Found a transporter.
 45657 | Gauntlet | Found a transporter.
 45658 | Gauntlet | Found a transporter.
 46216 | Gauntlet | Got Vehumet's Writings on Forces
 46649 | D:15     | Learned a level 2 spell: Wereblood
 46793 | D:15     | Reached skill level 5 in Translocations
 46807 | D:15     | Found a staircase to the Depths.
 47279 | D:14     | Found a gate to the Vaults.
 48179 | D:15     | Identified Roxanne's Incunable of Breccia
 48179 | D:15     | Noticed Roxanne
 48341 | D:15     | Demolished by a wolf spider simulacrum
 48342 | D:15     | Reached XP level 14. HP: -21/64 MP: 0/23
 48612 | D:15     | Noticed Agnes
 48806 | Snake:1  | Entered Level 1 of the Snake Pit
 49449 | Snake:1  | Noticed a nagaraja
 49504 | Snake:1  | Killed a nagaraja
 49737 | Snake:1  | Found Foucs's Assorted Antiques.
 50399 | Snake:1  | Reached skill level 8 in Unarmed Combat
 51459 | Snake:1  | Reached XP level 15. HP: 52/67 MP: 9/23
 52701 | Snake:2  | Noticed Aizul
 52728 | Snake:2  | Killed from afar by Aizul
 52729 | Snake:2  | Reached XP level 14. HP: -17/64 MP: 0/23
 52787 | Snake:2  | Killed Aizul
 53581 | Snake:2  | Reached skill level 9 in Unarmed Combat
 53594 | Snake:2  | Found Moyvely's Jewellery Shoppe.
 54417 | Snake:2  | Reached skill level 15 in Transmutations
 55266 | Snake:3  | Reached XP level 15. HP: 67/67 MP: 5/24
 55532 | Snake:3  | Reached skill level 10 in Unarmed Combat
 55733 | Snake:3  | Found Hesulusi's Armour Shop.
 56695 | Snake:4  | Entered Level 4 of the Snake Pit
 57029 | Snake:4  | Acquired the Catalogue of Vicissitude
 57561 | Snake:4  | Noticed a nagaraja
 57831 | Snake:4  | Killed a nagaraja
 57870 | Snake:4  | Noticed a nagaraja
 57875 | Snake:4  | Killed a nagaraja
 58007 | Snake:4  | Noticed retardedninja's ghost (adept GrFi)
 58013 | Snake:4  | Found a runed translucent gate.
 58013 | Snake:4  | Found a runed translucent gate.
 58013 | Snake:4  | Found a runed translucent gate.
 58201 | Snake:4  | Reached skill level 11 in Unarmed Combat
 58206 | Snake:4  | Noticed a nagaraja
 58221 | Snake:4  | Killed a nagaraja
 58225 | Snake:4  | Noticed a nagaraja
 58247 | Snake:4  | Killed a nagaraja
 58248 | Snake:4  | Reached XP level 16. HP: 65/72 MP: 21/27
 58586 | Snake:4  | Got a serpentine rune of Zot
 58611 | Snake:4  | Acquired the ring "Sulaez" {Str+3 Int+6}
 59667 | Snake:4  | Reached skill level 12 in Unarmed Combat
 60071 | Lair:2   | Learned a level 5 spell: Irradiate
 60073 | Shoals:1 | Entered Level 1 of the Shoals
 61177 | Shoals:2 | Noticed Polyphemus
 61187 | Shoals:2 | Killed Polyphemus
 61575 | Shoals:2 | Noticed Ilsuiw
 61621 | Shoals:2 | Killed Ilsuiw
 62089 | Shoals:2 | Found Zablacw's CLEARANCE SALE!.
 62097 | Shoals:2 | Bought 2 potions of resistance for 80 gold pieces
 62484 | Shoals:2 | Noticed Donald
 62492 | Shoals:2 | Killed Donald
 62539 | Shoals:3 | Reached XP level 17. HP: 57/75 MP: 20/28
 63882 | Shoals:4 | Entered Level 4 of the Shoals
 64233 | Shoals:4 | Reached skill level 10 in Fighting
 64915 | Shoals:4 | Reached skill level 13 in Unarmed Combat
 65054 | Shoals:4 | HP: 1/76 [merfolk impaler/+4 vampiric demon trident (11)]
 65334 | Shoals:4 | Reached skill level 10 in Spellcasting
 65906 | Shoals:4 | Noticed a titan
 65913 | Shoals:4 | Killed a titan
 65927 | Shoals:4 | Got a barnacled rune of Zot
 66633 | Elf:1    | Entered Level 1 of the Elven Halls
 66657 | Elf:1    | Found Ogolad's General Store.
 66688 | Elf:1    | Found Coleck's Specific Store.
 66919 | Elf:1    | Bought a potion of heal wounds for 85 gold pieces
 67233 | Elf:1    | Found Jini's Jewellery Emporium.
 67236 | Elf:1    | Found Bieto's Distillery.
 67236 | Elf:1    | Found Maodwane's Assorted Antiques.
 67241 | Elf:1    | Found Puezeosk's Assorted Antiques.
 67250 | Elf:1    | Bought a twisted diamond ring for 190 gold pieces
 67253 | Elf:1    | Bought a scroll of teleportation for 114 gold pieces
 67253 | Elf:1    | Bought a scroll of teleportation for 114 gold pieces
 67256 | Elf:1    | Bought a scroll of acquirement for 1716 gold pieces
 67256 | Elf:1    | Bought a scroll of blinking for 247 gold pieces
 67257 | Elf:1    | Acquired the ring "Kixtyi Gyihe" {EV+5 Dex+5}
 67308 | Elf:1    | Found a shimmering blue altar of Sif Muna.
 67626 | Elf:1    | Got the Handbook of the Damned
 67882 | Elf:2    | Reached XP level 18. HP: 81/81 MP: 21/29
 68517 | Elf:2    | Found a huge runed translucent gate.
 68517 | Elf:2    | Found a huge runed translucent gate.
 68517 | Elf:2    | Found a huge runed translucent gate.
 68518 | Elf:2    | Found a huge runed translucent gate.
 68520 | Elf:2    | Found a huge runed translucent gate.
 68727 | Elf:2    | Found Jumeliazo's Book Emporium.
 68777 | Elf:2    | Noticed Zenata
 68794 | Elf:2    | Killed Zenata
 69085 | Elf:3    | Entered Level 3 of the Elven Halls
 69594 | Elf:3    | Found a portal to a secret trove of treasure.
 70808 | Elf:3    | Identified the +4 dagger "Beastbane" {flame, rC- rN+ Int+7}
 70810 | Elf:3    | Noticed a Hell Sentinel
 70813 | Elf:3    | Identified the +9 dagger "Ashrigycw" {flame, Fragile rN+
                  | Dex+4}
 70813 | Elf:3    | Found the +27 heavy crossbow "Sniper" {heavy, Acc+∞ SInv}
 70825 | Elf:3    | Learned a level 3 spell: Vhi's Electric Charge
 70826 | Elf:3    | Identified the +5 shortbow of Dried Tears {freeze, rCorr}
 70992 | Elf:3    | Got the Directory of the Sepulchral Cure
 70998 | Elf:3    | Reached skill level 14 in Unarmed Combat
 71201 | Elf:3    | Reached skill level 15 in Dodging
 71221 | Elf:3    | Noticed an Ice Fiend
 71224 | Elf:3    | Reached skill level 10 in Evocations
 71627 | Elf:3    | Identified the +0 scale mail of Disappointment {Dex+2}
 71804 | Elf:3    | Got the Papyrus of Algor and the Wayfarer
 72533 | Vaults:1 | Entered Level 1 of the Vaults
 72811 | Vaults:1 | Identified the +8 chain mail of Raedgh {-Tele Dex+3}
 72812 | Vaults:1 | Found a runed translucent gate.
 72812 | Vaults:1 | Found a runed translucent gate.
 72812 | Vaults:1 | Noticed Vogeir's ghost (veteran HuIE)
 73530 | Vaults:1 | Found Loitsolo's Magic Scroll Shop.
 73536 | Vaults:1 | Bought a scroll of teleportation for 54 gold pieces
 73536 | Vaults:1 | Bought a scroll of summoning for 171 gold pieces
 73536 | Vaults:1 | Acquired Zoiplaw's Octavo of Hindering Conjuration
 73538 | Vaults:1 | Acquired 422 gold pieces
 73540 | Vaults:1 | Acquired the amulet "Waeroroph" {Spirit rN+ rCorr}
 73567 | Vaults:1 | Reached XP level 19. HP: 87/87 MP: 21/30
 73662 | Vaults:1 | Found a runed translucent gate.
 73663 | Vaults:1 | Identified the amulet of Daisies {Reflect rC- rN+ Will+
                  | Str+8 SH+5}
 73695 | Vaults:1 | Identified the ring of Accord {Dex+6 Slay+2}
 76173 | Vaults:2 | Found a staircase to the Crypt.
 77322 | Vaults:3 | Noticed Nikola
 77331 | Vaults:3 | Killed Nikola
 77575 | Vaults:3 | Identified the +5 spear of Quick Death {drain, rC+ Str+3
                  | Stlth+}
 77600 | Vaults:3 | Reached skill level 15 in Unarmed Combat
 79060 | Vaults:4 | Found a runed translucent gate.
 79060 | Vaults:4 | Found a runed translucent gate.
 79060 | Vaults:4 | Found a runed translucent gate.
 79066 | Vaults:4 | Noticed Zissick's ghost (adept MiBr)
 79158 | Vaults:4 | Reached XP level 20. HP: 80/93 MP: 24/32
 79166 | Vaults:4 | Found a gateway to a bazaar.
 80952 | Bazaar   | Entered a bazaar
 80952 | Bazaar   | Found Ysymnu's Weapon Shoppe.
 80952 | Bazaar   | Found Uha Owust's Jewellery Shoppe.
 80952 | Bazaar   | Found Ubotecev's Magic Scroll Emporium.
 80960 | Bazaar   | Bought the ring "Ynirefuamm" {rC+ Will+ Str+2 Int+6} for
                  | 538 gold pieces
 80966 | Bazaar   | Bought a scroll of teleportation for 36 gold pieces
 80966 | Bazaar   | Bought a scroll of blinking for 90 gold pieces
 80966 | Bazaar   | Bought a scroll of blinking for 90 gold pieces
 80966 | Bazaar   | Bought a scroll of blinking for 90 gold pieces
 81279 | Vaults:4 | Learned a level 5 spell: Yara's Violent Unravelling
 81499 | D:9      | Bought a scroll of summoning for 123 gold pieces
 81499 | D:9      | Bought a scroll of amnesia for 52 gold pieces
 81507 | D:9      | Learned a level 5 spell: Arcjolt
 81515 | D:9      | Learned a level 7 spell: Dragon Form
 81571 | D:9      | Found a hazy altar of Hepliaklqana.
 81668 | D:9      | Found a stormy altar of Qazlal.
 81682 | D:9      | Found a white marble altar of Elyvilon.
 81683 | D:9      | Found a glowing silver altar of Zin.
 81688 | D:9      | Killed Joseph
 82021 | D:13     | Reached skill level 15 in Evocations
 82455 | Snake:4  | Killed retardedninja's ghost
 83066 | D:15     | Killed Agnes
 83177 | D:15     | Killed Roxanne
 83258 | Depths:1 | Entered Level 1 of the Depths
 83264 | Depths:1 | Reached skill level 16 in Unarmed Combat
 84057 | Depths:1 | Found a one-way gate leading to the halls of Pandemonium.
 84078 | Depths:1 | Found a gateway to Hell.
 84157 | Depths:1 | Found a one-way gate to the infinite horrors of the Abyss.
 84440 | Depths:2 | Found Gafit's Jewellery Shop.
 84584 | Depths:2 | Found a one-way gateway to a ziggurat.
 84646 | Depths:2 | Found a flickering gateway to a bazaar.
 84683 | Bazaar   | Entered a bazaar
 84683 | Bazaar   | Found Kietiy's Antique Weapon Emporium.
 84742 | Bazaar   | Found Murey's Jewellery Boutique.
 84750 | Bazaar   | Bought the ring of Hukha {MP+9 Int+5 Stlth-} for 577 gold
                  | pieces
 84750 | Bazaar   | Found Teph's Magic Scroll Boutique.
 84758 | Bazaar   | Bought a scroll of fog for 24 gold pieces
 84761 | Bazaar   | Found Yzesteh's General Store.
 84769 | Bazaar   | Bought a scroll of teleportation for 18 gold pieces
 84772 | Bazaar   | Found Utogiun's Antique Armour Shop.
 85388 | Depths:2 | Reached XP level 21. HP: 99/99 MP: 27/34
 85866 | Depths:2 | Noticed the Enchantress
 86691 | Depths:2 | Killed the Enchantress
 87246 | Depths:3 | Reached skill level 10 in Translocations
 88194 | Depths:3 | Noticed a juggernaut
 88203 | Depths:3 | Killed a juggernaut
 88719 | Depths:3 | Identified the +8 tower shield of Virtue {rCorr Int-5 SInv}
 88719 | Depths:3 | Noticed Mennas
 88726 | Depths:3 | Reached skill level 15 in Air Magic
 88774 | Depths:3 | Noticed a golden dragon
 89018 | Depths:2 | Killed a golden dragon
 89509 | Depths:3 | Found Dus Oroi's General Store.
 89515 | Depths:3 | Bought a scroll of fear for 92 gold pieces
 89515 | Depths:3 | Bought a scroll of teleportation for 69 gold pieces
 89942 | Depths:3 | Reached skill level 15 in Fighting
 89942 | Depths:3 | Reached skill level 17 in Unarmed Combat
 90052 | Depths:3 | Found a runed translucent gate.
 90052 | Depths:3 | Found a runed translucent gate.
 90052 | Depths:3 | Found a runed translucent gate.
 90057 | Depths:3 | Noticed Plog's ghost (adept DsMo)
 90183 | Depths:3 | Killed Mennas
 90455 | Depths:4 | Entered Level 4 of the Depths
 90463 | Depths:4 | Noticed a golden dragon
 90959 | Depths:4 | Killed a golden dragon
 91290 | Depths:4 | Found a gate to the Realm of Zot.
 91584 | Depths:4 | Noticed a juggernaut
 91603 | Depths:4 | Killed a juggernaut
 91605 | Depths:4 | Reached XP level 22. HP: 57/105 MP: 4/35
 93282 | Slime:1  | Entered Level 1 of the Pits of Slime
 93916 | Slime:2  | Reached skill level 18 in Unarmed Combat
 94325 | Slime:3  | Reached skill level 15 in Translocations
 96150 | Slime:5  | Entered Level 5 of the Pits of Slime
 96424 | Slime:5  | Noticed the Royal Jelly
 96434 | Slime:5  | Killed the Royal Jelly
 96435 | Slime:5  | Reached skill level 19 in Unarmed Combat
 96807 | Slime:5  | Got a slimy rune of Zot
 96828 | Slime:5  | Identified the ring "Ulax" {AC+4 Dex+3 Stlth+}
 97184 | Vaults:1 | Bought a scroll of acquirement for 936 gold pieces
 97184 | Vaults:1 | Bought a scroll of magic mapping for 135 gold pieces
 97184 | Vaults:1 | Acquired 489 gold pieces
 97281 | Vaults:1 | Killed Vogeir's ghost
 97685 | Zot:1    | Entered Level 1 of the Realm of Zot
 97719 | Zot:1    | Reached skill level 20 in Unarmed Combat
 97999 | Zot:1    | Reached XP level 23. HP: 105/108 MP: 14/36
 98682 | Zot:1    | Noticed a Killer Klown
 98811 | Zot:1    | Killed a Killer Klown
 98869 | Zot:1    | Noticed a Killer Klown
 98880 | Zot:1    | Killed a Killer Klown
 98883 | Zot:1    | Identified the ring "Sies" {rC+ Will+ rCorr}
 99036 | Zot:1    | Identified the amulet "Wiaxyscho" {Acrobat rPois rN++}
 99696 | Zot:2    | Identified the +8 glaive "Quclats" {freeze, Str+5}
100579 | Zot:2    | Noticed an orb of fire
100706 | Zot:2    | Gained mutation: Your magical capacity is very low. (-20%
                  | MP) [an orb of fire]
100710 | Zot:2    | Killed an orb of fire
101425 | Zot:3    | Reached skill level 21 in Unarmed Combat
102580 | Zot:4    | Reached XP level 24. HP: 115/115 MP: 26/32
103286 | Zot:5    | Entered Level 5 of the Realm of Zot
104408 | Vaults:4 | Killed Zissick's ghost
104529 | Vaults:4 | Identified the ring of Bodily Harmony {Will+ rCorr}
104636 | Crypt:1  | Entered Level 1 of the Crypt
106173 | Crypt:1  | Reached skill level 22 in Unarmed Combat
106173 | Crypt:1  | Noticed a royal mummy
106179 | Crypt:1  | Killed a royal mummy
106272 | Crypt:1  | Noticed a royal mummy
106382 | Crypt:1  | Killed a royal mummy
106523 | Crypt:1  | Noticed a royal mummy
106523 | Crypt:1  | Found the +7 sceptre of Torment {pain, torment}
106553 | Crypt:1  | Killed a royal mummy
107093 | Vaults:5 | Entered Level 5 of the Vaults
107106 | Vaults:5 | Reached skill level 15 in Stealth
107453 | Vaults:5 | Reached XP level 25. HP: 122/122 MP: 9/32
107936 | Vaults:5 | Got a silver rune of Zot
108414 | Vaults:5 | Learned a level 6 spell: Death Channel
108717 | Vaults:5 | Reached skill level 1 in Necromancy
108954 | Vaults:5 | Noticed an ancient lich
108961 | Vaults:5 | Killed an ancient lich
109201 | Vaults:5 | Identified the +9 spear of Pestilence {drain, rF+}
109205 | Vaults:5 | Identified the +5 plate armour of Dramatic Exits {Harm}
109666 | Vaults:5 | Learned a level 4 spell: Passage of Golubria
110263 | Zot:5    | Noticed a dread lich
110275 | Zot:5    | Killed a dread lich
110371 | Zot:5    | Noticed an orb of fire
110371 | Zot:5    | Gained mutation: Your magical capacity is extremely low.
                  | (-30% MP) [an orb of fire]
110383 | Zot:5    | Killed an orb of fire
110385 | Zot:5    | Noticed an orb of fire
110385 | Zot:5    | Noticed a Killer Klown
110392 | Zot:5    | Gained mutation: You do not regenerate when monsters are
                  | visible. [an orb of fire]
110394 | Zot:5    | Gained mutation: You are weak. (Str -2) [an orb of fire]
110401 | Zot:5    | Killed a Killer Klown
110402 | Zot:5    | Reached skill level 23 in Unarmed Combat
110408 | Zot:5    | Killed an orb of fire
110418 | Zot:5    | Lost mutation: You expend magic power (3 MP) to strengthen
                  | your wands. [potion of mutation]
110418 | Zot:5    | Lost mutation: You have a somewhat thin skeletal structure.
                  | (Dex +2, Stealth+) [potion of mutation]
110418 | Zot:5    | Gained mutation: You possess an exceptional clarity of
                  | mind. [potion of mutation]
110419 | Zot:5    | Lost mutation: You possess an exceptional clarity of mind.
                  | [potion of mutation]
110419 | Zot:5    | Lost mutation: You are weak. (Str -2) [potion of mutation]
110419 | Zot:5    | Gained mutation: Your muscles are strong. (Str +4, Int/Dex
                  | -1) [potion of mutation]
110420 | Zot:5    | Lost mutation: Your magical capacity is extremely low.
                  | (-30% MP) [potion of mutation]
110420 | Zot:5    | Lost mutation: Your magical capacity is very low. (-20% MP)
                  | [potion of mutation]
110420 | Zot:5    | Gained mutation: You have a pair of small antennae on your
                  | head. [potion of mutation]
110420 | Zot:5    | Gained mutation: Your flesh is cold resistant. (rC+)
                  | [potion of mutation]
110421 | Zot:5    | Lost mutation: Your flesh is cold resistant. (rC+) [potion
                  | of mutation]
110421 | Zot:5    | Lost mutation: Your magical capacity is low. (-10% MP)
                  | [potion of mutation]
110421 | Zot:5    | Lost mutation: You have a pair of small antennae on your
                  | head. [potion of mutation]
110421 | Zot:5    | Gained mutation: Your system is resistant to poisons.
                  | (rPois) [potion of mutation]
110421 | Zot:5    | Gained mutation: You are robust. (+10% HP) [potion of
                  | mutation]
110421 | Zot:5    | Gained mutation: You have a pair of small horns on your
                  | head. [potion of mutation]
110470 | Zot:5    | Noticed an ancient lich
110478 | Zot:5    | Killed an ancient lich
110602 | Zot:5    | Noticed a dread lich
110634 | Zot:5    | Noticed an ancient lich
110636 | Zot:5    | Noticed a Killer Klown
110673 | Zot:5    | Noticed an orb of fire
110674 | Zot:5    | Noticed a Killer Klown
110681 | Zot:5    | Noticed a dread lich
110684 | Zot:5    | Noticed a Killer Klown
110686 | Zot:5    | Reached skill level 5 in Necromancy
110690 | Zot:5    | Noticed a dread lich
110693 | Zot:5    | Noticed a dread lich
110694 | Zot:5    | Killed a Killer Klown
110700 | Zot:5    | Killed a Killer Klown
110732 | Zot:5    | Noticed a Killer Klown
110911 | Zot:5    | Got the Orb of Zot
110917 | Zot:5    | Killed a dread lich
111445 | D:$      | Escaped with the Orb!

Illustrated notes

Levels and vault maps discovered:
D:1:      amcnicky_arrival_flooded_fountain, layout_basic,
          dreamdust_ecumenical_altar_statues
D:2:      kennysheep_the_goblin_king, layout_rooms
D:3:      layout_loops_ring, minmay_overflow_temple_hex
D:4:      layout_loops_corners, uniq_eustachio
D:5:      layout_basic, nzn_wu_jian_council_hall, kennysheep_mini_moat,
          yredelemnul_forgotten_temple_becter, serial_shops,
          nicolae_shop_bloodbath_and_beyond, minmay_strange_pillars,
          hangedman_decor_opposing
D:6:      layout_basic, uniq_prince_ribbit1
D:7:      layout_basic, minmay_temple_entry_ruins, kennysheep_donut,
          dilly_guarded_unrand_morg
D:8:      layout_rooms, minmay_misc_feat_pillars
D:9:      layout_basic, good_gods_temple_1, nicolae_qazlal_style_of_elements,
          mainiacjoe_overflow_boulevard, serial_shops, nicolae_square_shop,
          minmay_misc_feat_columns, uniq_joseph
D:10:     layout_irregular_city, tgw_trog, lair_entry_dummy, serial_shops,
          nicolae_shop_behind_doors, shop, minivault_16
D:11:     layout_stronghold
D:12:     layout_stronghold, david_orc_5
D:13:     gammafunk_boulding_lane, layout_loops_corners, uniq_kirke, uniq_nessos
D:14:     layout_long_grid, david_vaults_2, hex_tiny, kennysheep_kite_vault
D:15:     grunt_enter_depths_magical_seal, layout_basic, gauntlet_entry_generic,
          nicolae_concentric_dashed_squares_mild, uniq_roxanne, uniq_agnes
Temple:   hellmonk_temple_beads
Lair:1:   layout_cave_pods
Lair:2:   layout_concentric_octagons, elwin_shoals_entry_rocks,
          cheibrodos_lair_lostbears, uniq_gastronok
Lair:3:   layout_gridlike, guppyfry_snake_entry_garden, minmay_lair_oklob_items,
          chequers_serial_rivers_large_a
Lair:4:   layout_roguey, nicolae_slime_entry_slimehenge
Lair:5:   evilmike_catoblepas_cave, layout_cellular_growth, basic_altar
Shoals:1: layout_shoals
Shoals:2: layout_shoals, nicolae_shop_clearance, uniq_polyphemus, uniq_ilsuiw,
          uniq_donald
Shoals:3: layout_shoals
Shoals:4: shoals_end_hellmonk_storm_palace [storm_palace_center_ruins,
          storm_palace_corner_reverse_hut, storm_palace_corner_narrow,
          storm_palace_corner_grid, storm_palace_corner_pillars], serial_shops
Snake:1:  layout_basic, serial_shops, shop, nicolae_snake_scaly_snakehead
Snake:2:  layout_onion, serial_shops, nicolae_shop_competitors_out_of_business,
          serial_bayou, serial_bayou_pond_e, serial_bayou_shore_b,
          serial_bayou_lagoon_a, serial_bayou_ford_a, serial_bayou_crossing,
          grunt_megastairs_3, uniq_aizul
Snake:3:  minmay_snake_river, layout_cave_town, serial_shops, shop,
          abandoned_shop
Snake:4:  johnstein_snake_rune_scales, layout_chambers, gammafunk_ghost_split,
          nicolae_snake_round_shape_thing, grunt_ministairs_8,
          grunt_megastairs_5
Slime:1:  layout_caves
Slime:2:  layout_caves
Slime:3:  layout_caves
Slime:4:  layout_caves, cheibrodos_slime_lost_civilization_4
Slime:5
Orc:1:    layout_caves, nicolae_orc_sculptors_studio
Orc:2:    grunt_orc_cross, layout_caves, serial_shops, nicolae_diamond_shop,
          uniq_sonja, uniq_snorg
Elf:1:    eino_elf_arrival_sip, layout_rooms, basic_altar,
          minmay_elf_necromancy, nicolae_specific_store,
          nicolae_elf_glass_and_crystal_pillar_1, minmay_shoptagon
Elf:2:    elven_hall_of_blades_hangedman_alternative [nicolae_blade_lattice],
          layout_loops_corners, serial_shops, nicolae_square_shop, uniq_zenata
Elf:3:    elf_hall, layout_geoelf_castle, nicolae_trove_entry_crossroad,
          moated_statue
Vaults:1: biasface_ghost_orc_armoury, nicolae_vaults_network_quinsquares
          [nicolae_vaults_network_quincunx_subvault,
          nicolae_vaults_network_quincunx_subvault,
          nicolae_vaults_network_quincunx_subvault,
          nicolae_vaults_network_quincunx_subvault], nicolae_vaults_triangles,
          grunt_vaults_focal, v_misc_19, vaults_mumra_hex, v_misc_28, v_misc_17,
          v_alt_pattern_2, v_misc_32, layout_vaults_big_room, serial_shops,
          nicolae_diamond_shop
Vaults:2: v_misc_30, minmay_crypt_entry_simple_plaza,
          nicolae_vaults_bisected_exclaves, nicolae_vaults_rhombus_5, v_misc_19,
          nicolae_vaults_specimen_jars, layout_vaults_omnigrid
Vaults:3: v_alt_pattern_6, nicolae_vaults_network_star,
          ontoclasm_vaults_decontamination, nicolae_vaults_asterisk,
          nicolae_vaults_yaktaur_gun_rack, v_alt_pattern_2, kb_rosetta,
          nicolae_vaults_network_barrier, grunt_vaults_twisty,
          vaults_room_door_ring, nicolae_vaults_little_squares_1,
          layout_vaults_ring, uniq_nikola
Vaults:4: gammafunk_ghost_split, nicolae_vaults_three_branches,
          grunt_vaults_funnel, hangedman_vaults_river_flow,
          nicolae_vaults_network_square, dpeg_vaults_monster_box,
          ontoclasm_vaults_hangar, vaults_room_pools, v_misc_16,
          hangedman_vaults_stream, nicolae_vaults_shelves_hall,
          vaults_dpeg_ring, layout_vaults_omnicross, serial_shops,
          bzr_entry_gold
Vaults:5
Crypt:1:  minmay_guarded_unrand_sceptre_of_torment, layout_catacombs
Depths:1: layout_roguey, corexii_leaking_fountain, pan_entry, hell_entry,
          abyss_entry, dreamdust_looks_like_rain, grunt_megastairs_2
Depths:2: cheibrodos_birdhouse, layout_gridlike, enter_ziggurat_c, serial_shops,
          bzr_entry_water, rand_demon_pan_entry_4, hell_entry,
          serial_bayou_shore_a, minmay_shop_star, uniq_enchantress
Depths:3: minmay_glassy_protrusions, layout_cave_pools, serial_bayou,
          serial_bayou_lake_a, serial_bayou_pond_c, serial_bayou_pond_b,
          serial_bayou_lagoon_b, serial_shops, nicolae_square_shop,
          abyss_entry_crystal, rand_demon_pan_entry_7,
          gammafunk_ghost_tricky_traps, hell_entry, uniq_mennas
Depths:4: evilmike_zot_entry_basic, layout_gridlike, hell_entry,
          roderic_filled_cross, minmay_misc_feat_plants, serial_bayou_shore_b
Zot:1:    cheibrodos_zot_enchanting_chambers, layout_basic
Zot:2:    kennysheep_six_static_rooms, layout_misc_corridors
Zot:3:    layout_misc_corridors, zot_minivault_1
Zot:4:    layout_twisted_circle
Zot:5:    layout_twisted_circle

Skill      XL: |  1  2  3  4  5  6  7  8  9 10 11 12 13 14 15 16 17 18 19 20 21 22 23 24 25 |
---------------+----------------------------------------------------------------------------+-----
Poison Magic   | 3 4 5 6 9 |  9.0
Transmutations | 2 3 6 8 10 15 16 17 18 19 20 | 20.0
Stealth        | 3 4 6 7 8 9 10 11 12 14 16 | 16.0
Dodging        | 3 4 5 6 7 9 10 12 13 15 17 18 20 22 | 22.5
Air Magic      | 1 2 3 4 5 6 8 9 13 14 15 | 15.0
Conjurations   | 5 3 4 7 9 |  9.0
Fighting       | 2 3 4 6 8 9 10 11 13 14 15 16 18 | 18.7
Unarmed Combat | 1 2 3 5 9 11 12 13 14 15 16 17 20 21 22 23 | 23.2
Spellcasting   | 5 6 9 10 11 12 | 12.6
Hexes          | 5 |  5.0
Evocations     | 4 5 6 10 13 16 | 16.0
Translocations | 2 3 5 6 8 9 13 15 | 15.0
Necromancy     | 5 |  5.6

Action                     |  1- 3 |  4- 6 |  7- 9 | 10-12 | 13-15 | 16-18 | 19-21 | 22-24 | 25-27 || total
---------------------------+-------+-------+-------+-------+-------+-------+-------+-------+-------++-------
  Melee: Unarmed           |    13 |    10 |    65 |   158 |  1158 |   964 |  1238 |  1137 |   259 ||  5002
         Bite              |     3 |     1 |    15 |    24 |    34 |     3 |     3 |     1 |     9 ||    93
         Punch             |       |     1 |     2 |     7 |    95 |    89 |   167 |   239 |    68 ||   668
         Tailslap          |       |       |       |       |       |       |       |     2 |     7 ||     9
   Cast: Sting             |    99 |    65 |   140 |    15 |       |       |       |       |       ||   319
         Poisonous Vapours |     5 |    37 |   101 |   181 |   326 |       |       |       |       ||   650
         Magic Dart        |       |       |   287 |   177 |   147 |       |       |       |       ||   611
         Mephitic Cloud    |       |       |     4 |    36 |    39 |     2 |       |       |       ||    81
         Olgreb's Toxic Ra |       |       |     1 |    48 |    83 |       |       |       |       ||   132
         Dazzling Flash    |       |       |       |    26 |    21 |       |       |       |       ||    47
         Storm Form        |       |       |       |       |    89 |   101 |   107 |    92 |    24 ||   413
         Manifold Assault  |       |       |       |       |    39 |    54 |    83 |    44 |     1 ||   221
         Wereblood         |       |       |       |       |    35 |    73 |    85 |    79 |    18 ||   290
         Irradiate         |       |       |       |       |       |     2 |     2 |     1 |       ||     5
         Vhi's Electric Ch |       |       |       |       |       |     6 |    65 |    69 |    24 ||   164
         Dragon Form       |       |       |       |       |       |       |       |     6 |     1 ||     7
         Yara's Violent Un |       |       |       |       |       |       |       |     4 |       ||     4
 Invoke: Potion Petition   |       |       |       |     1 |     6 |     7 |     4 |     4 |     1 ||    23
         Call Merchant     |       |       |       |       |     2 |       |       |       |       ||     2
         Bribe Branch      |       |       |       |       |       |       |       |       |     3 ||     3
Ability: Blinkbolt         |       |       |       |       |    40 |    56 |    14 |     4 |       ||   114
  Evoke: Wand              |       |       |     1 |     5 |    34 |     2 |     1 |       |     1 ||    44
         Phantom mirror    |       |       |       |       |     4 |     3 |     3 |     1 |       ||    11
         Phial of floods   |       |       |       |       |     2 |     1 |     2 |       |       ||     5
         Box of beasts     |       |       |       |       |       |       |     2 |     2 |     1 ||     5
         Tin of tremorston |       |       |       |       |       |       |       |     2 |     2 ||     4
    Use: Scroll            |       |       |    17 |     7 |    16 |    11 |    10 |     2 |     1 ||    64
         Potion            |       |       |     4 |       |     4 |     2 |       |     3 |     4 ||    17
   Stab: Sleeping          |       |       |     5 |       |     3 |    13 |     6 |    12 |       ||    39
         Invisible         |       |       |       |    10 |     9 |     2 |       |       |       ||    21
         Distracted        |       |       |       |     2 |    16 |    14 |    15 |    21 |     7 ||    75
         Confused          |       |       |       |     4 |    11 |     1 |       |       |       ||    16
         Petrified         |       |       |       |       |     3 |       |       |       |       ||     3
         Betrayed ally     |       |       |       |       |     1 |       |       |       |       ||     1
         Held in net/web   |       |       |       |       |       |     1 |       |       |       ||     1
 Armour: Skin              |     7 |     1 |    35 |    23 |   182 |   112 |    96 |   106 |    34 ||   596
  Dodge: Dodged            |    29 |    37 |   312 |   248 |  1469 |   954 |  1301 |  1128 |   228 ||  5706

Table legend: (Time is in decaauts)
 A = Elapsed time spent in this place.
 B = Non-inter-level travel time spent in this place.
 C = Inter-level travel time spent in this place.
 D = Time resting spent in this place.
 E = Time spent auto-exploring this place.
 F = Levels seen in this place.
 G = Mean time per level.
                   A        B        C        D        E       F      G
               +--------+--------+--------+--------+--------+-----+--------+
         Total | 102215 |  96059 |   6156 |  28411 |  45835 |  57 | 1793.2 |
       Dungeon |  28351 |  25761 |   2590 |   7448 |  11939 |  15 | 1890.1 |
        Temple |    315 |    293 |     22 |    145 |    135 |   1 |  315.0 |
          Lair |  13903 |  13077 |    826 |   5007 |   5189 |   5 | 2780.6 |
        Shoals |   6176 |   6061 |    115 |   1414 |   3085 |   4 | 1544.0 |
     Snake Pit |  10617 |  10327 |    290 |   3911 |   3895 |   4 | 2654.2 |
    Slime Pits |   3295 |   3158 |    137 |    769 |   1691 |   5 |  659.0 |
  Orcish Mines |   3478 |   3305 |    173 |    807 |   1445 |   2 | 1739.0 |
   Elven Halls |   5418 |   5125 |    293 |   1486 |   2374 |   3 | 1806.0 |
        Vaults |  11906 |  11096 |    810 |   1830 |   7342 |   5 | 2381.2 |
         Crypt |   1880 |   1869 |     11 |    198 |   1434 |   1 | 1880.0 |
        Depths |   9550 |   8966 |    584 |   3553 |   3875 |   4 | 2387.5 |
           Zot |   6576 |   6274 |    302 |   1554 |   3209 |   5 | 1315.2 |
        Bazaar |    119 |    119 |      0 |      0 |    102 |   2 |   59.5 |
      Gauntlet |    625 |    625 |      0 |    284 |    113 |   1 |  625.0 |
               +--------+--------+--------+--------+--------+-----+--------+

Top non-repeatable levels by time:
  Lair:5: 3916 daAuts
 Snake:1: 3468 daAuts
Depths:2: 3443 daAuts
    D:14: 3036 daAuts
   Elf:3: 3020 daAuts
  Lair:2: 2968 daAuts
  Lair:3: 2914 daAuts
   Orc:2: 2887 daAuts
Vaults:4: 2870 daAuts
 Snake:4: 2726 daAuts
Depths:3: 2517 daAuts
    D:13: 2509 daAuts
    D:11: 2504 daAuts
    D:12: 2477 daAuts
Vaults:5: 2466 daAuts
